 Dungeon Crawl Stone Soup version 0.26-a0-651-gb41185065b (webtiles) character file.

Game seed: 17601224471855166251

37 sahdkjhfkaj the Skirmisher (level 3, -1/33 HPs)
             Began as a Hill Orc Fighter on Sept 28, 2020.
             Slain by an ogre
             ... wielding a +0 giant club
              (19 damage)
             ... on level 2 of the Dungeon.
             The game lasted 00:01:12 (1320 turns).

sahdkjhfkaj the Skirmisher (Hill Orc Fighter)       Turns: 1320, Time: 00:01:13

Health: -1/33      AC:  8    Str: 19    XL:     3   Next: 41%
Magic:  3/3        EV:  7    Int:  8    God:
Gold:   34         SH:  9    Dex: 10    Spells: 2/2 levels left

rFire    . . .     SeeInvis .   a - +0 war axe
rCold    . . .     Faith    .   c - +0 kite shield
rNeg     . . .     Spirit   .   b - +0 scale mail
rPois    .         Reflect  .   (no helmet)
rElec    .         Harm     .   (no cloak)
rCorr    .         Rampage  .   (no gloves)
MR       .....                  i - +0 pair of boots
Stlth    ..........             (no amulet)
HPRegen  0.11/turn              (no ring)
MPRegen  0.08/turn              (no ring)

@: no status effects
A: no striking features
a: no special abilities


You were on level 2 of the Dungeon.
You visited 1 branch of the dungeon, and saw 2 of its levels.

You collected 34 gold pieces.

Inventory:

Hand Weapons
 a - a +0 war axe (weapon)
Armour
 b - a +0 scale mail (worn)
 c - a +0 kite shield (worn)
 i - a +0 pair of boots (worn)
Scrolls
 f - 3 scrolls of remove curse {unknown}
 h - a scroll of blinking {unknown}
 j - 2 scrolls of identify {unknown}
Potions
 d - a potion of might
 e - a potion of flight {unknown}
 g - 2 potions of brilliance {unknown}


   Skills:
 + Level 4.0 Fighting
 * Level 3.7 Axes
 + Level 3.6 Armour
 + Level 3.6 Shields


You had 2 spell levels left.
You didn't know any spells.
Your spell library was empty.

Dungeon Overview and Level Annotations

Branches:
Dungeon (2/15)

Altars:
Kikubaaqudgha
Zin


Message History

Found an ancient bone altar of Kikubaaqudgha.
There is a dry fountain here.
j - 2 scrolls labeled TIXYUQ INNUKO
f - 3 scrolls labeled ROIGHE ITZUS (gained 1)
You enter the shallow water.
Moving in this stuff is going to be slow.
An ogre comes into view. It is wielding a +0 giant club.
The ogre shouts!
An ogre is nearby!
You hit the ogre.
The ogre is lightly wounded.
You block the ogre's attack.
You slash the ogre!
The ogre is heavily wounded.
The ogre hits you with a +0 giant club! You block the ogre's attack.
You barely miss the ogre.
The ogre is heavily wounded.
The ogre hits you with a +0 giant club!!
Ouch! That really hurt!
You die...

.)........#.##.# ####
......###...##.########...#
......# ######....(.....# #
......# ########..###.#
......# #....###......#
......# #....##....####
......# #....#####.#
#...O##....#
#...@##.########
#..............##
#.......†....#..#
#)..(.........#.#
..##......⌠....≈.#.#
........#...≈≈≈≈≈..#
#####...##.≈≈≈≈≈...#
###.##.≈≈≈≈≈...#
#...#...≈≈.....#


You could see an ogre.

Vanquished Creatures
  2 leopard geckos (D:1)
  A ball python (D:1)
  6 bats
  A giant cockroach (D:1)
  3 goblins (D:1)
  4 hobgoblins (D:1)
  4 jackals (D:1)
  3 frilled lizards (D:1)
  5 kobolds (D:1)
  4 rats
33 creatures vanquished.

Notes
Turn   | Place    | Note
-------+----------+-------------------------------------------
     0 | D:1      | sahdkjhfkaj the Hill Orc Fighter began the quest for the
                  | Orb.
     0 | D:1      | Reached XP level 1. HP: 19/19 MP: 1/1
   226 | D:1      | Reached XP level 2. HP: 25/27 MP: 2/2
   642 | D:1      | Reached XP level 3. HP: 26/33 MP: 3/3
   877 | D:1      | Reached skill level 4 in Fighting
  1122 | D:1      | Found a glowing silver altar of Zin.
  1278 | D:2      | Found an ancient bone altar of Kikubaaqudgha.
  1315 | D:2      | Noticed an ogre
  1320 | D:2      | Slain by an ogre

Illustrated notes

Levels and vault maps discovered:
D:1:      ncdulo_smallfort, layout_loops_ring, kennysheep_flooded_box
D:2:      layout_basic, kiku_gazebo_pond_becter,
          gammafunk_temple_overflow_pools, kennysheep_slug_shrine,
          uniq_crazy_yiuf_cottage, uniq_jessica, uniq_terence

Skill      XL: |  1  2  3 |
---------------+----------+-----
Axes           | 3 |  3.7
Fighting       | 4 |  4.0
Armour         | |  3.6
Shields        | |  3.6

Action                   || total
-------------------------++-------
Melee: War axe           ||   132
Armor: Scale mail        ||    62
Dodge: Dodged            ||    46
Block: Kite shield       ||    73

Table legend: (Time is in decaauts)
 A = Elapsed time spent in this place.
 B = Non-inter-level travel time spent in this place.
 C = Inter-level travel time spent in this place.
 D = Time resting spent in this place.
 E = Time spent auto-exploring this place.
 F = Levels seen in this place.
 G = Mean time per level.
                   A        B        C        D        E       F      G
               +--------+--------+--------+--------+--------+-----+--------+
         Total |   1373 |   1302 |     71 |      0 |   1029 |   2 |  686.5 |
       Dungeon |   1373 |   1302 |     71 |      0 |   1029 |   2 |  686.5 |
               +--------+--------+--------+--------+--------+-----+--------+

Top non-repeatable levels by time:
     D:1: 1270 daAuts
     D:2: 102 daAuts
